 Dungeon Crawl Stone Soup version 0.30-a0-859-gf88a04b62d (webtiles) character file.

Game seed: 3566685595837631064

3896 Firecrotchwizard the Fighter (level 10, -8/77 HPs)
             Began as a Djinni Fire Elementalist on Mar 6, 2023.
             Was a Believer of Makhleb.
             Mangled by a yak (10 damage)
             ... on level 9 of the Dungeon on Mar 7, 2023.
             The game lasted 00:22:21 (8745 turns).

Firecrotchwizard the Fighter (DjFE)                 Turns: 8745, Time: 00:22:22

Health: -8/77      AC:  6    Str: 13    XL:     10   Next: 43%
Gold:   554        EV: 12    Int: 21    God:    Makhleb [**....] SH:  0 Dex: 14

rFire   + + .      SeeInvis .    n - +3 dagger (freeze)
rCold   x . .      Faith    .    (no shield)
rNeg    . . .      Spirit   .    a - +0 robe
rPois   ∞          Reflect  .    k - +2 helmet
rElec   .          Rampage  .    o - +0 cloak
rCorr   .                        (no gloves)
Will    +....                    (boots unavailable)
Stlth   ++                       (no amulet)
HPRegen 0.32/turn                b - +6 ring of strength
MPRegen 0.00/turn                (no ring)

@: flying
A: sickness immunity, fire resistance 2, cold vulnerability 1, float, innate
caster, HP casting, extra vitality 1
a: Renounce Religion, Minor Destruction


You were on level 9 of the Dungeon.
You worshipped Makhleb.
Makhleb was pleased with you.
You visited 2 branches of the dungeon, and saw 10 of its levels.

You collected 554 gold pieces.

Inventory:

Hand Weapons
 g - a +0 sling
   (You found it on level 1 of the Dungeon)
 n - a +3 dagger of freezing (weapon)
   (You took it off an orc wizard on level 5 of the Dungeon)
 z - a +0 heavy dagger
   (You took it off a goblin on level 3 of the Dungeon)
 F - a +0 whip
   (You took it off a kobold on level 1 of the Dungeon)
Missiles
 q - 11 poisoned darts
 s - 80 stones (quivered)
 C - 5 boomerangs
Armour
 a - a +0 robe (worn)
 c - a +0 scale mail
   (You found it on level 1 of the Dungeon)
 k - a +2 helmet (worn)
   (You found it on level 2 of the Dungeon)
 o - a +0 cloak (worn)
   (You found it on level 2 of the Dungeon)
 A - a +0 helmet
   (You took it off Robin on level 3 of the Dungeon)
Magical Staves
 r - a staff of air {rElec}
   (You found it on level 2 of the Dungeon)
 H - a staff of earth
   (You found it on level 8 of the Dungeon)
Jewellery
 b - a +6 ring of strength (left hand)
   (You found it on level 1 of the Dungeon)
Wands
 d - a wand of digging (4)
   (You found it on level 7 of the Dungeon)
 e - a wand of charming (22)
   (You found it on level 8 of the Dungeon)
 y - a wand of mindburst (7)
   (You took it off Ijyb on level 3 of the Dungeon)
Scrolls
 h - a scroll of brand weapon
 l - a scroll of fog
 p - a scroll of poison
 D - 3 scrolls of identify {@r1}
 E - 3 scrolls of fear
 Y - 3 scrolls of teleportation {@r3}
Potions
 f - 2 potions of might {unknown}
 i - a potion of heal wounds {unknown}
 j - 2 potions of ambrosia {unknown}
 m - a potion of haste {unknown}
 t - a potion of resistance {unknown}
 u - a potion of mutation {unknown}
 v - a potion of flight {unknown}
 w - a potion of magic {unknown}
 x - a potion of attraction {unknown}
 B - 2 potions of degeneration {unknown}
 G - 2 potions of berserk rage {unknown}
 I - 2 potions of brilliance {unknown}
 J - 2 potions of curing {@q1}


   Skills:
 + Level 8.9 Fighting
 - Level 2.1 Dodging
 - Level 1.5 Stealth
 + Level 7.3 Spellcasting
 + Level 6.7 Invocations


You knew the following spells:

 Your Spells              Type           Power      Damage    Failure   Level
a - Foxfire               Conj/Fire      100%       2x1d9     1%          1
b - Scorch                Fire           76%        2d8       1%          2
c - Kindle Blastsparks    Fire/Tloc/Air  76%        2d16      1%          3
d - Inner Flame           Hex/Fire       38%        N/A       1%          3
e - Flame Wave            Conj/Fire      38%        2d10      4%          4
f - Kiss of Death         Conj/Necr      100%       2d13      1%          1
g - Poisonous Vapours     Pois/Air       76%        N/A       1%          2
h - Dazzling Flash        Conj/Hex       76%        N/A       1%          3
s - Swiftness             Air            38%        N/A       1%          3
Your spell library was empty.

Dungeon Overview and Level Annotations

Branches:
Dungeon (9/15)             Temple (1/1) D:4
   Lair: D:8-11         Orc: D:9-12

Altars:
Ashenzari
Cheibriados
Dithmenos
Elyvilon
Fedhas
Gozag
Hepliaklqana
Makhleb
Nemelex Xobeh
Okawaru
Qazlal
Ru
Trog
Uskayaw
Wu Jian
Xom
Zin
The Shining One

Annotations:
D:1 2 transporters
D:7 Joseph


Innate Abilities, Weirdness & Mutations

You are immune to sickness and miasma.
You are immune to poison.
Your flesh is very heat resistant. (rF++)
You are vulnerable to cold. (rC-)
You float through the air rather than walking.
You learn spells naturally, not from books.
Your magical power is your life essence.
You have superior vitality. (+4 MHP)


Message History

Done exploring.
(D) Dungeon (T) Temple
Where to? (Enter - D:8, ? - help)
You see here a +0 ring mail.
There is a stone staircase leading down here.
You fly downwards.
There is a stone staircase leading up here.
You see here a book of Callings.
A yak comes into view.
You conjure some foxfire!
The yak bellows!
A yak comes into view. x2
You conjure some foxfire!
The foxfire hits the yak.
A yak comes into view.
The foxfire hits the yak.
A yak comes into view.
You take 1 damage, and have 76/77 hp.
You conjure some foxfire!
The foxfire hits the yak.
A yak comes into view.
The foxfire hits the yak.
You take 1 damage, and have 75/77 hp.
You conjure some foxfire!
The foxfire hits the yak. x2
Flames lash the yak.
The yak's fire resistance burns away.
You hear a shout!
The foxfire hits the yak.
The yak is burned terribly!
You kill the yak!
Makhleb accepts your kill.
You feel better.
The foxfire hits the yak.
A troll comes into view.
Health restored: 77 Flames lash the yak.
The yak's fire resistance burns away.
You hear a shout!
You take 2 damage, and have 75/77 hp.
You conjure some foxfire!
A wave of flame ripples out!
The flame wave engulfs your foxfire.
Your foxfire completely resists.
The flame wave engulfs your foxfire.
Your foxfire completely resists.
The flame wave engulfs the yak!
The yak is burned terribly! (Press . to intensify the flame waves.)
The foxfire hits the yak.
The yak is burned terribly!
The foxfire hits the yak.
The yak is burned terribly!
You kill the yak!
Makhleb accepts your kill.
You feel better.
A wave of flame ripples out!
The flame wave engulfs the yak! x3
The flame wave engulfs the yak.
A centaur comes into view.
You take 1 damage, and have 75/77 hp.
A wave of flame ripples out!
The flame wave engulfs the yak! x4
The flame wave engulfs the troll!
You finish channelling waves of flame.
The yak attacks as you move away! The yak gores you but does no damage.
The yak gores you.
You take 4 damage, and have 71/77 hp.
The yak attacks as you move away! The yak gores you!
You take 12 damage, and have 59/77 hp.
The yak attacks as you move away! The yak gores you but does no damage.
The yak attacks as you move away! The yak barely misses you.
The yak attacks as you move away! The yak barely misses you.
The yak attacks as you move away! The yak gores you!
You take 11 damage, and have 50/77 hp.
A wave of flame ripples out!
The flame wave engulfs the yak! x2 (Press . to intensify the flame waves.)
The yak gores you! The yak closely misses you.
You take 16 damage, and have 34/77 hp.
MASSIVE DAMAGE!!
A wave of flame ripples out!
The flame wave engulfs the yak.
The flame wave engulfs the yak!!
You kill the yak!
Makhleb accepts your kill.
The flame wave engulfs the yak!
The flame wave engulfs the yak.
The yak gores you!
You take 8 damage, and have 26/77 hp.
A wave of flame ripples out!
The flame wave engulfs the yak! x2
The flame wave engulfs the troll!
The flame wave engulfs the yak!
You kill the yak!
Makhleb accepts your kill.
The flame wave engulfs the centaur!
You finish channelling waves of flame.
The yak gores you!
* * * LOW HITPOINT WARNING * * *
The yak barely misses you.
You take 15 damage, and have 11/77 hp.
The yak attacks as you move away! The yak closely misses you.
The yak attacks as you move away! The yak gores you but does no damage.
Flames lash the centaur but do no damage.
* * * LOW HITPOINT WARNING * * *
The yak gores you but does no damage.
You take 1 damage, and have 11/77 hp.
Okay, then.
You feel better. The yak gores you!
* * * LOW HITPOINT WARNING * * *
You regained 4 hp, and now have 15/77 hp.
The yak attacks as you move away! The yak gores you.
* * * LOW HITPOINT WARNING * * *
You take 1 damage, and have 16/77 hp.
The yak attacks as you move away! The yak gores you!
* * * LOW HITPOINT WARNING * * *
You take 15 damage, and have 1/77 hp.
The yak attacks as you move away! The yak gores you!
You die...

#.....T.....####
#....####..##
#.T### ##..##
#c.# ##†.## #.##
##..## #Y#
##.:## ##.######
##..##
#Y##....## ##..#
##@....... #....
#........ #....
#........ #...†.
##.......#
#.....
#<.......#
#..†...
##.......#
#......
#.......#
#.......
#......##
#.......
#......#
........


You could see a yak.

Vanquished Creatures
  Sigmund (D:3)
  4 yaks (D:9)
  Menkaure (D:7)
  2 orc warriors
  3 black bears
  3 ice beasts
  2 centaurs
  4 phantoms
  A bullfrog (D:7)
  A gnoll sergeant (D:5)
  A necrophage (D:4)
  4 scorpions
  5 jellies
  5 howler monkeys (D:8)
  8 hounds
  2 gnoll boudas
  3 orc priests (D:5)
  5 iguanas
  Ijyb (D:3)
  11 orc wizards
  A hound skeleton (D:4)
  Robin (D:3)
  8 adders
  4 gnolls (D:7)
  A white imp (D:8)
  2 worms (D:4)
  2 dart slugs
  22 orcs
  7 ball pythons
  4 bats
  3 endoplasms
  11 giant cockroaches
  12 goblins
  12 hobgoblins
  6 jackals
  2 quokkas (D:1)
  5 frilled lizards
  10 kobolds
  6 rats
186 creatures vanquished.

Vanquished Creatures (others)
  663 foxfires
  A plant (D:3)
664 creatures vanquished.

Grand Total: 850 creatures vanquished

Notes
Turn   | Place    | Note
-------+----------+-------------------------------------------
     0 | D:1      | Firecrotchwizard the Djinni Fire Elementalist began the
                  | quest for the Orb.
     0 | D:1      | Firecrotchwizard set off with the following spells
                  | memorised: Foxfire, Scorch, Kindle Blastsparks, Inner
                  | Flame, Flame Wave.
     0 | D:1      | Reached XP level 1. HP: 15/15 MP: 0/0
   183 | D:1      | Reached skill level 1 in Fighting
   183 | D:1      | Reached XP level 2. HP: 19/22 MP: 0/0
   702 | D:1      | Reached XP level 3. HP: 25/27 MP: 0/0
   702 | D:1      | Learned a level 1 spell: Kiss of Death
   865 | D:2      | Found a faded altar of an unknown god.
  1305 | D:2      | Reached skill level 2 in Fighting
  1305 | D:2      | Reached skill level 3 in Spellcasting
  1848 | D:3      | Reached XP level 4. HP: 31/33 MP: 0/0
  1909 | D:3      | Noticed Sigmund
  2100 | D:3      | Reached XP level 5. HP: 40/40 MP: 0/0
  2100 | D:3      | Learned a level 2 spell: Poisonous Vapours
  2253 | D:3      | Noticed Ijyb
  2261 | D:3      | HP: 3/40 [disintegration (12)]
  2262 | D:3      | Killed Ijyb
  2263 | D:3      | Reached skill level 3 in Fighting
  2487 | D:3      | Killed Sigmund
  2488 | D:3      | Reached skill level 4 in Fighting
  2488 | D:3      | Reached skill level 4 in Spellcasting
  2488 | D:3      | Reached XP level 6. HP: 34/47 MP: 0/0
  2600 | D:3      | Noticed Robin
  2622 | D:3      | Killed Robin
  3141 | D:4      | Found a staircase to the Ecumenical Temple.
  3151 | Temple   | Entered the Ecumenical Temple
  3426 | D:4      | Reached XP level 7. HP: 38/53 MP: 0/0
  3426 | D:4      | Learned a level 3 spell: Dazzling Flash
  3554 | D:4      | Reached skill level 5 in Fighting
  3858 | D:4      | Found a burning altar of Makhleb.
  3871 | D:4      | Reached skill level 5 in Spellcasting
  3871 | D:4      | Reached XP level 8. HP: 33/60 MP: 0/0
  4038 | D:4      | Became a worshipper of Makhleb the Destroyer
  4110 | D:5      | Entered Level 5 of the Dungeon
  4121 | D:4      | Reached skill level 1 in Invocations
  4321 | D:4      | Reached skill level 6 in Fighting
  4589 | D:5      | Reached skill level 2 in Invocations
  4725 | D:5      | Reached skill level 3 in Invocations
  4848 | D:5      | Reached * piety under Makhleb
  4849 | D:5      | Reached XP level 9. HP: 64/67 MP: 0/0
  4849 | D:5      | Learned a level 3 spell: Swiftness
  4913 | D:5      | Found a shimmering altar of Xom.
  5053 | D:5      | Reached skill level 7 in Fighting
  5053 | D:5      | Reached skill level 6 in Spellcasting
  5220 | D:5      | Reached skill level 4 in Invocations
  6043 | D:6      | Noticed a gargoyle
  6384 | D:6      | Found a stormy altar of Qazlal.
  6930 | D:6      | Reached skill level 5 in Invocations
  7101 | D:7      | Found a white marble altar of Elyvilon.
  7126 | D:7      | Noticed Joseph
  7296 | D:7      | Noticed Menkaure
  7312 | D:7      | Killed Menkaure
  7497 | D:7      | Reached skill level 8 in Fighting
  7538 | D:7      | Reached XP level 10. HP: 57/76 MP: 0/0
  7541 | D:7      | Reached ** piety under Makhleb
  7740 | D:7      | Found a sacrificial altar of Ru.
  7740 | D:7      | Found a bloodstained altar of Trog.
  8202 | D:8      | Reached skill level 7 in Spellcasting
  8205 | D:8      | Reached skill level 6 in Invocations
  8729 | D:9      | HP: 11/77 [yak (14)]
  8735 | D:9      | HP: 15/77 [yak (7)]
  8741 | D:9      | HP: 16/77 [yak (1)]
  8742 | D:9      | HP: 1/77 [yak (15)]
  8745 | D:9      | Mangled by a yak

Illustrated notes

Levels and vault maps discovered:
D:1:      spicycebolla_arrival_transporter_tutorial, layout_basic
D:2:      layout_loops_ring, ebering_ecumenical_altar_rust
D:3:      minmay_roachtagon, layout_basic, corexii_shack, uniq_sigmund,
          uniq_robin, uniq_ijyb
D:4:      layout_basic, makhleb_blood_cavern_becter,
          minmay_temple_entry_antechambers
D:5:      layout_cave_pools, hangedman_abyss_or_decor_jellyfish_corner,
          st_stairs_4, minmay_ruined_shrine
D:6:      cheibrodos_barr_body, layout_cave_pools,
          nicolae_qazlal_scattered_showers
D:7:      layout_loops_ring, gammafunk_temple_overflow_wave,
          kennysheep_mini_moat, uniq_menkaure, uniq_joseph
D:8:      layout_rooms, grunt_ministairs_14
D:9:      layout_cave_pods, xom_butterflies
Temple:   hellmonk_temple_two_chambers

Skill      XL: |  1  2  3  4  5  6  7  8  9 10 |
---------------+-------------------------------+-----
Fighting       | 1 2 4 5 6 8 |  8.9
Spellcasting   | 3 4 5 6 7 |  7.3
Invocations    | 3 5 6 |  6.7
Dodging        | |  2.1
Stealth        | |  1.5

Action                     |  1- 3 |  4- 6 |  7- 9 | 10-12 || total
---------------------------+-------+-------+-------+-------++-------
  Melee: Whip              |    10 |    12 |       |       ||    22
         Dagger            |       |       |     5 |     3 ||     8
   Cast: Foxfire           |    56 |    94 |   176 |    61 ||   387
         Scorch            |     1 |    18 |    72 |     6 ||    97
         Poisonous Vapours |       |       |     1 |       ||     1
         Flame Wave        |       |       |       |     3 ||     3
    Use: Scroll            |       |     8 |     7 |       ||    15
         Potion            |       |       |     3 |     1 ||     4
 Armour: Robe              |     4 |    18 |    28 |     7 ||    57
  Dodge: Dodged            |    10 |    31 |    55 |    10 ||   106

Table legend: (Time is in decaauts)
 A = Elapsed time spent in this place.
 B = Non-inter-level travel time spent in this place.
 C = Inter-level travel time spent in this place.
 D = Time resting spent in this place.
 E = Time spent auto-exploring this place.
 F = Levels seen in this place.
 G = Mean time per level.
                   A        B        C        D        E       F      G
               +--------+--------+--------+--------+--------+-----+--------+
         Total |   8751 |   8111 |    640 |   1763 |   5052 |  10 |  875.1 |
       Dungeon |   8733 |   8098 |    635 |   1763 |   5042 |   9 |  970.3 |
        Temple |     17 |     12 |      5 |      0 |     10 |   1 |   17.0 |
               +--------+--------+--------+--------+--------+-----+--------+

Top non-repeatable levels by time:
     D:5: 1596 daAuts
     D:4: 1498 daAuts
     D:3: 1331 daAuts
     D:7: 1101 daAuts
     D:1: 864 daAuts
     D:2: 848 daAuts
     D:6: 797 daAuts
     D:8: 618 daAuts
     D:9: 76 daAuts
  Temple: 17 daAuts

Table legend:
 A = Kills in this place as a percentage of kills in the entire game.
 B = Kills by you in this place as a percentage of kills by you in the entire game.
 C = Kills by friends in this place as a percentage of kills by friends in the entire game.
 D = Other kills in this place as a percentage of other kills in the entire game.
 E = Experience gained in this place as a percentage of experience gained in the entire game.
 F = Experience gained in this place divided by the number of levels of this place that you have seen.
                   A       B       C       D       E      F
               +-------+-------+-------+-------+-------+----------------------
         Total | 100.0 | 100.0 |   N/A |   N/A | 100.0 | 556.7
       Dungeon | 100.0 | 100.0 |   N/A |   N/A | 100.0 | 618.6
               +-------+-------+-------+-------+-------+----------------------
